 Dungeon Crawl Stone Soup version 0.21.0-3-g78d12a8 (console) character file.

112 removed the Poker (level 4, 0/49 HPs)
             Began as a Merfolk Air Elementalist on Jan 9, 2018.
             Killed from afar by an orc wizard (9 damage)
             ... with a puff of flame
             ... on level 2 of the Dungeon.
             The game lasted 00:04:58 (2465 turns).

removed the Poker (Merfolk Air Elementalist)        Turns: 2465, Time: 00:04:59

Health: 0/49       AC: 22    Str:  8    XL:     4   Next: 95%
Magic:  7/7        EV:  2    Int: 19    God:
Gold:   134        SH:  0    Dex: 15    Spells: 4/7 levels left

rFire    . . .     SeeInvis .   a - +0 trident
rCold    . . .     Gourm    .   (no shield)
rNeg     + + +     Faith    .   (armour currently unavailable)
rPois    +         Spirit   .   (helmet currently unavailable)
rElec    .         Reflect  .   (cloak currently unavailable)
rCorr    .         Harm     .   (gloves currently unavailable)
MR       .....     NoTele   +   (boots currently unavailable)
Stlth    ++........             (no amulet)
HPRegen  0.16/turn              (no ring)
MPRegen  0.10/turn              (no ring)

@: brilliant, tree-form
A: (change form in water), (swift swim), (stealthy swim)
a: no special abilities


You were on level 2 of the Dungeon.
You were not hungry.
You were a tree.
You visited 1 branch of the dungeon, and saw 3 of its levels.

You collected 134 gold pieces.

Inventory:

Hand Weapons
 a - a +0 trident (weapon)
 n - a +0 whip
Armour
 e - a +2 hat (melded)
 f - a +0 robe (melded)
Scrolls
 d - 2 scrolls of fear {unknown}
 h - 3 scrolls of remove curse {unknown}
 j - 3 scrolls of teleportation {unknown}
 k - 5 scrolls of identify {unknown}
 l - a scroll of blinking {unknown}
 r - a scroll of noise {unknown}
 s - a scroll of enchant weapon {unknown}
Books
 b - a book of Air

   Spells                             Type                      Level
   a - Shock                          Conjuration/Air              1
   b - Swiftness                      Charms/Air                   2
   c - Static Discharge               Conjuration/Air              3
   d - Airstrike                      Air                          4
   e - Lightning Bolt                 Conjuration/Air              5
 m - a book of the Sky

   Spells                             Type                      Level
   a - Summon Lightning Spire         Summoning/Air                4
   b - Silence                        Hexes/Air                    5
   c - Deflect Missiles               Charms/Air                   6
   d - Conjure Ball Lightning         Conjuration/Air              6
   e - Tornado                        Air                          9
Comestibles
 c - 6 rations
 o - 3 chunks of flesh


   Skills:
 - Level 2.0 Fighting
 + Level 4.6 Polearms
 - Level 3.9 Dodging
 - Level 2.1 Stealth
 - Level 2.0 Spellcasting
 - Level 0.7 Conjurations
 - Level 2.4 Air Magic


You had 4 spell levels left.
You knew the following spells:

 Your Spells              Type           Power        Failure   Level  Hunger
a - Shock                 Conj/Air       ###.         1%          1    #......
s - Swiftness             Chrm/Air       ###.....     1%          2    ###....


Dungeon Overview and Level Annotations

Branches:
Dungeon (3/15)

Altars:

Annotations:
D:1 exclusion: downstairs
D:3 Ignatius881's ghost, amateur DECj


Message History

Something tries to affect you, but you resist.
It was a potion of brilliance.
You feel clever all of a sudden. Something hits you.
* * * LOW HITPOINT WARNING * * *
It was a potion of lignification.
You turn into a tree.
Your +2 hat melds into your body.
Your +0 robe melds into your body.
Your roots penetrate the ground.
You hear some strange, mumbled words.
Something tries to affect you, but you resist.
You miss something. Something hits you.
* * * LOW HITPOINT WARNING * * *
You miss something. Something hits you but does no damage.
You barely miss something. Something hits you but does no damage.
You closely miss something. Something hits you but does no damage.
You closely miss something.
You hear some strange, mumbled words.
A puff of flame appears from out of thin air!
The puff of flame hits you!
You die...

#....############
#....#........(.#
#....#.########.#
#....#.#..[...#.#
#........>.##.#.#
#........÷..#.#.#
#...........#.#.#
####.......##.#{#
#.#........#♣#
#.##########.#
#............#
##############


There were no monsters in sight!

Vanquished Creatures
  Terence (D:1)
  4 adders
  An ooze (D:1)
  2 dart slugs (D:1)
  A leopard gecko (D:1)
  An orc (D:2)
  A ball python (D:2)
  3 giant cockroaches
  4 hobgoblins
  5 kobolds (D:1)
  A quokka (D:3)
  4 bats
  A frilled lizard (D:2)
  6 goblins
  9 rats
44 creatures vanquished.

Notes
Turn   | Place    | Note
-------+----------+-------------------------------------------
     0 | D:1      | removed the Merfolk Air Elementalist began the quest for the Orb.
     0 | D:1      | Reached XP level 1. HP: 13/13 MP: 3/3
   290 | D:1      | Reached skill level 1 in Fighting
   525 | D:1      | Reached XP level 2. HP: 22/22 MP: 5/5
   772 | D:1      | Reached XP level 3. HP: 23/27 MP: 6/6
  1379 | D:3      | Noticed Terence
  1489 | D:1      | Killed Terence
  1489 | D:1      | Reached skill level 2 in Polearms
  1559 | D:3      | Reached XP level 4. HP: 33/33 MP: 7/7
  1706 | D:3      | Reached skill level 3 in Polearms
  1739 | D:3      | Learned a level 2 spell: Swiftness
  1840 | D:3      | Noticed Ignatius881's ghost (amateur DECj)
  2045 | D:2      | Reached skill level 4 in Polearms
  2465 | D:2      | Killed from afar by an orc wizard

Skill      XL: |  1  2  3  4 |
---------------+-------------+-----
Fighting       | 1 2 |  2.0
Dodging        | 3 |  3.9
Polearms       | 2 4 |  4.6
Stealth        | |  2.1
Spellcasting   | |  2.0
Conjurations   | |  0.7
Air Magic      | |  2.4

Action                   |  1- 3 |  4- 6 || total
-------------------------+-------+-------++-------
Melee: Whip              |   118 |       ||   118
       Trident           |    21 |    70 ||    91
  Use: Potion            |       |     2 ||     2
 Stab: Sleeping          |     8 |     4 ||    12
  Eat: Chunk             |     2 |     3 ||     5
Armor: Robe              |    43 |    16 ||    59
       Skin              |       |     3 ||     3
Dodge: Dodged            |   118 |    31 ||   149
